Map: Curious Minds LE

Players

WutangBoogie - Winner!

  • Race: Terran Terran
  • League: Platinum

Woltube

  • Race: Terran Terran
  • League: Diamond

VOD

Have the link to the VOD?

Description

Time

  • Played on: Jan. 30, 2022, 9:38 p.m.
  • Length: 17:28
Show
View Real Time Build Order
Export as new Build Order

WutangBoogie Terran - Winner!

Build Orders:  

Get SALT Encoding   

  12  0:00  SCV  
  13  0:12  SCV  
  14  0:17  Supply Depot  
  14  0:24  SCV  
  15  0:38  SCV  
  15  0:40  Barracks  
  16  0:44  Refinery  
  16  0:51  SCV  
  17  1:03  SCV  
  18  1:15  SCV  
  19  1:27  Reaper  
  19  1:28  Orbital Command  
  20  1:44  Supply Depot  
  20  1:52  Barracks  
  20  1:57  Bunker  
  20  2:01  Marine  
  21  2:11  Bunker  
  21  2:12  SCV  
  22  2:22  Factory  
  22  2:23  Marine  
  22  2:25  SCV  
  24  2:35  Supply Depot  
  23  2:40  Marine  
  23  2:41  Marine  
  24  3:02  SCV  
  26  3:09  Barracks Reactor  
  25  3:22  Supply Depot, Factory Tech Lab  
  25  3:23  Starport  
  25  3:25  Barracks Tech Lab  
  25  3:27  SCV  
  26  3:35  Supply Depot  
  26  3:39  SCV  
  26  3:51  SCV  
  27  3:58  Supply Depot, Cyclone  
  27  3:59  Marine  
  27  4:00  Marine x2  
  33  4:05  SCV  
  33  4:07  Refinery  
  34  4:30  Command Center  
  33  4:31  SCV  
  33  4:37  Supply Depot  
  34  4:43  Marine x3  
  34  4:44  Starport Reactor  
  37  4:50  Siege Tank  
  40  4:53  SCV  
  41  5:06  SCV  
  42  5:10  Supply Depot x2  
  42  5:12  Marine  
  43  5:18  SCV, Stimpack  
  44  5:26  Marine x2  
  46  5:41  Marine, Viking  
  46  5:42  Medivac  
  51  5:44  SCV  
  52  5:54  Marine  
  52  5:55  Marine  
  54  6:00  SCV  
  54  6:03  Marine  
  56  6:12  SCV  
  56  6:13  Orbital Command  
  57  6:24  SCV, Marine x2  
  57  6:25  Marauder  
  62  6:31  Viking  
  64  6:36  SCV  
  65  6:41  Marine  
  65  6:44  SCV  
  65  6:46  Marine x2  
  69  6:48  SCV  
  70  6:56  SCV  
  70  6:58  Viking  
  70  7:00  Siege Tank, SCV  
  77  7:10  Marine x2, Marauder  
  81  7:15  Refinery  
  81  7:17  SCV x2  
  83  7:23  Viking  
  83  7:27  Marine  
  83  7:28  Marine  
  83  7:29  SCV x2  
  89  7:31  Combat Shield, Marine  
  89  7:32  Siege Tank  
  93  7:46  Marine x2  
  93  7:47  Command Center  
  93  7:49  SCV x2  
  95  7:58  Barracks  
  95  8:01  SCV  
  92  8:09  Engineering Bay  
  92  8:10  Marine x3  
  56  8:49  Marine x3  
  56  8:50  Siege Tank  
  56  8:53  SCV x2  
  64  9:00  Engineering Bay  
  61  9:05  SCV  
  61  9:06  Marine  
  50  9:26  Marine  
  50  9:27  Marine  
  50  9:28  Siege Tank, Marauder  
  50  9:29  Medivac x2  
  59  9:36  SCV  
  59  9:37  SCV  
  61  9:38  Missile Turret  
  61  9:40  Missile Turret  
  61  9:43  SCV  
  62  9:46  Marine  
  62  9:49  SCV x2  
  62  9:52  Terran Infantry Weapons Level 1  
  65  9:55  SCV  
  65  9:58  Marine  
  65  9:59  Marine, Viking  
  70  10:01  SCV x2  
  72  10:14  Marine  
  72  10:15  Siege Tank  
  72  10:16  SCV x2, Marine  
  72  10:21  SCV  
  80  10:28  SCV x2  
  66  10:43  Marine x3  
  66  10:47  Siege Tank  
  72  10:57  Missile Turret  
  72  10:59  SCV x2  
  72  11:01  Marine x3  
  77  11:11  Armory  
  77  11:16  Orbital Command  
  77  11:19  Medivac, Marine x3, Viking  
  77  11:21  Siege Tank  
  77  11:22  SCV  
  77  11:23  SCV  
  89  11:26  Refinery  
  89  11:37  Marine x3  
  91  11:48  Viking  
  90  11:55  Marine  
  90  11:56  Marine x2  
  89  12:08  Orbital Command  
  89  12:10  Siege Tank  
  89  12:12  Marine  
  89  12:13  Marine  
  89  12:14  Marine  
  93  12:21  Viking x2  
  97  12:29  Starport  
  97  12:30  Marine  
  97  12:31  Marine, Factory  
  97  12:32  Marine  
  100  12:42  Siege Tank  
  103  12:48  Marine  
  97  13:09  Marine x3  
  97  13:10  Viking x2  
  99  13:37  Marine x3  
  99  13:38  Siege Tank  
  99  13:40  Viking x2  
  109  13:55  Marine x3  
  111  14:13  Marine x3  
  111  14:15  Liberator  
  117  14:40  Supply Depot x2  
  117  14:41  Supply Depot  
  117  14:42  Supply Depot  
  117  14:44  Supply Depot  
  117  14:51  Command Center  
  117  15:01  Siege Tank, SCV x2, Marine x3  
  117  15:02  Liberator, SCV  
  129  15:13  SCV x2  
  131  15:14  SCV, Liberator  
  131  15:19  Marine x3  
  138  15:25  Starport Tech Lab  
  138  15:33  Siege Tank  
  141  15:37  Marine x3  
  143  15:44  Liberator  
  146  15:55  Marine x2  
  148  15:57  Liberator  
  149  16:27  Viking  
  151  16:40  Viking  
Show
View Real Time Build Order
Export as new Build Order

Woltube Terran 

Build Orders:  

Get SALT Encoding   

  12  0:02  SCV  
  13  0:18  SCV, Supply Depot  
  14  0:34  SCV  
  15  0:42  Refinery  
  15  0:46  SCV  
  16  0:54  Barracks  
  16  1:04  Barracks  
  16  1:12  Supply Depot  
  16  1:20  Refinery  
  16  1:24  SCV  
  17  1:36  SCV  
  18  1:44  Supply Depot  
  18  1:52  Reaper  
  19  1:55  Reaper  
  20  2:03  SCV  
  21  2:15  SCV  
  21  2:25  Reaper  
  21  2:27  SCV, Reaper  
  24  2:57  Reaper  
  23  2:59  Reaper  
  24  3:18  Orbital Command  
  24  3:23  Factory  
  24  3:29  Reaper  
  24  3:31  Reaper  
  25  3:47  SCV  
  26  3:59  SCV  
  26  4:01  Reaper  
  28  4:03  Reaper  
  28  4:09  Command Center  
  29  4:11  SCV  
  29  4:13  Factory Tech Lab  
  30  4:23  SCV  
  31  4:32  Siege Tank  
  31  4:38  Supply Depot  
  34  4:48  Starport  
  34  4:54  SCV  
  35  5:04  Siege Tank  
  35  5:06  SCV  
  39  5:19  Engineering Bay  
  39  5:31  Starport Tech Lab  
  39  5:36  Barracks  
  39  5:46  Orbital Command  
  39  5:49  Siege Tank  
  42  5:51  Banshee  
  42  5:53  Cloaking Field  
  45  6:00  Barracks Tech Lab x2  
  45  6:03  SCV  
  46  6:15  SCV x2  
  48  6:26  Marine  
  48  6:27  SCV x2, Marine, Marauder  
  54  6:36  Sensor Tower  
  54  6:38  Banshee  
  54  6:39  SCV  
  58  6:44  Marine  
  58  6:45  Marauder  
  61  6:47  SCV  
  61  6:51  Supply Depot  
  61  6:52  Supply Depot  
  62  6:58  Terran Infantry Weapons Level 1  
  62  7:08  Supply Depot  
  62  7:09  SCV  
  63  7:17  Barracks Reactor  
  63  7:18  Marine x2  
  63  7:22  Refinery  
  65  7:34  Command Center  
  65  7:36  Marine x2  
  67  7:40  Siege Tank  
  67  7:41  SCV  
  71  7:46  Refinery  
  71  7:54  Marine x2  
  73  7:58  Marine x2  
  75  8:12  Marauder x2  
  79  8:13  Raven  
  79  8:14  SCV x2  
  79  8:16  Marine  
  84  8:26  SCV  
  59  8:45  Marine x2, Marauder x2  
  62  8:52  Missile Turret  
  62  9:04  Marine x2  
  62  9:05  Orbital Command  
  62  9:06  Marauder  
  62  9:07  Marauder  
  64  9:20  SCV  
  64  9:22  Marine x2  
  61  9:28  Marauder  
  63  9:32  SCV  
  63  9:33  SCV  
  65  9:41  SCV  
  65  9:44  SCV  
  67  9:45  SCV  
  68  9:53  SCV  
  68  9:56  Raven, SCV, Marine  
  68  9:57  Marauder  
  75  10:00  Stimpack  
  75  10:05  SCV  
  60  10:42  Marine  
  60  10:43  Marauder  
  60  10:45  Marine  
  60  10:46  Marauder  
  58  10:50  SCV x3  
  58  10:53  Siege Tank  
  58  10:54  Liberator  
  67  11:00  Marine  
  67  11:02  SCV x2  
  70  11:04  SCV, Marauder  
  70  11:08  Refinery  
  70  11:10  Combat Shield, Marine x2  
  75  11:14  SCV x2  
  75  11:16  Barracks  
  75  11:18  Barracks  
  77  11:20  SCV  
  77  11:23  Refinery  
  77  11:25  Refinery  
  78  11:26  SCV  
  78  11:27  SCV  
  78  11:32  Missile Turret  
  80  11:33  Supply Depot  
  80  11:37  Liberator  
  82  11:46  Marine  
  82  11:47  Marine, Marauder x2  
  80  11:54  SCV x3  
  83  12:04  Marine x2  
  83  12:06  SCV x3  
  90  12:08  Marauder  
  90  12:09  Marauder  
  92  12:16  Missile Turret  
  92  12:18  SCV x2  
  92  12:21  Terran Infantry Armor Level 1  
  92  12:22  Starport  
  94  12:32  SCV  
  94  12:33  SCV x2  
  97  12:43  Marine x3  
  100  12:44  SCV  
  100  12:52  Siege Tank  
  100  12:57  Marauder  
  92  13:01  Marine x2, Marauder  
  58  13:15  Marine  
  58  13:18  Marine x2  
  26  13:50  Planetary Fortress  
  26  13:51  Barracks x2  
  26  13:54  Command Center  
  25  14:18  Marine x2  
  25  14:22  Sensor Tower  
  27  14:27  Supply Depot  
  27  14:30  SCV  
  28  14:36  Marine  
  29  14:43  SCV  
  30  15:02  Viking  
  30  15:03  SCV  
  33  15:15  SCV  
  33  15:21  Liberator  
  37  15:23  Marine  
  37  15:24  Marine  
  39  15:43  Marine x3  
  42  16:01  Marine x3  
  43  16:18  Marine x2  
  43  16:19  Marine, Factory  
  39  16:36  Marine x2  
  42  16:42  Viking  
  40  17:05  Missile Turret  
  38  17:13  Missile Turret  
Tags
 
Add a new tag
Caveats
  • Supply blocks, unpowered buildings, or Contaminate may cause inaccurate times.
  • Supply counts are checked every 10 seconds.